 Dungeon Crawl Stone Soup version 0.19-a0-1821-g42c593c (webtiles) character file.

12 KarmaPolice the Charmwright (level 2, -2/19 HPs)
             Began as a High Elf Skald on Oct 6, 2016.
             Slain by a gnoll
             ... wielding a +0 antimagic spear
              (8 damage)
             ... on level 1 of the Dungeon.
             The game lasted 00:00:57 (959 turns).

KarmaPolice the Charmwright (High Elf Skald)         Turns: 959, Time: 00:00:58

Health: -2/19      AC:  3    Str: 11    XL:     2   Next: 20%
Magic:  1/6        EV: 11    Int: 15    God:
Gold:   34         SH:  0    Dex: 14    Spells: 1 memorised, 4 levels left

rFire  . . .     SeeInvis .     a - +0 falchion
rCold  . . .     Gourm    .     b - +0 leather armour
rNeg   . . .     Faith    .     (no shield)
rPois  .         Spirit   .     (no helmet)
rElec  .         Dismiss  .     (no cloak)
rCorr  .         Reflect  .     (no gloves)
MR     .....     Harm     .     (no boots)
Stlth  +.........               (no amulet)
                                (no ring)
                                (no ring)

@: infused
A: no striking features
a: no special abilities


You were on level 1 of the Dungeon.
You were not hungry.

You visited 1 branch of the dungeon, and saw 1 of its levels.

You collected 34 gold pieces.

Inventory:

Hand Weapons
 a - a +0 falchion (weapon)
Missiles
 m - 15 arrows
Armour
 b - a +0 leather armour (worn)
Scrolls
 g - a scroll of identify {unknown}
 i - a scroll of blinking {unknown}
Potions
 e - a potion of brilliance {unknown}
 h - a potion of curing {unknown}
 k - a potion of agility {unknown}
 l - a potion of might {unknown}
Books
 c - a book of Battle

   Spells                             Type                      Level
   a - Infusion                       Charms                       1
   b - Shroud of Golubria             Charms/Translocation         2
   c - Song of Slaying                Charms                       2
   d - Spectral Weapon                Hexes/Charms                 3
   e - Regeneration                   Charms/Necromancy            3
Comestibles
 d - a bread ration
 j - a meat ration


   Skills:
 + Level 2.2 Fighting
 + Level 2.8 Long Blades
 + Level 1.1 Armour
 + Level 1.5 Dodging
 - Level 2.4 Spellcasting
 - Level 3.6 Charms


You had 4 spell levels left.
You knew the following spells:

 Your Spells              Type           Power        Failure   Level  Hunger
a - Infusion              Chrm           ##..         10%         1    #......


Dungeon Overview and Level Annotations

Branches:
Dungeon (1/15)

Altars:


Message History

You start resting.
A gnoll opens the door.
It is wielding an antimagic spear.
A gnoll is nearby!
The gnoll barely misses you.
You riposte.
You closely miss the gnoll.
There is an open door here.
You hit the gnoll.
The gnoll is moderately wounded.
The gnoll hits you with an antimagic spear.
You feel your power leaking away.
You barely miss the gnoll.
The gnoll is moderately wounded.
The gnoll hits you with an antimagic spear.
You barely miss the gnoll.
The gnoll is moderately wounded.
The gnoll hits you with an antimagic spear!
You feel your power leaking away.
You barely miss the gnoll.
The gnoll is moderately wounded.
The gnoll hits you with an antimagic spear!
You die...

...##.#..........#........+......
...##.#.##....#..#....#.###......
...##.#..........#.....#.##......
...##.#.......##.#........(......
...'..'..........#.......#.......
...##.#..)...####....#.....#+####
...##.####......#........###.#
...##+####..#.#.#....##......#
...#.....#......@g...........#
...#.....#.###..#............#
...#............#............+
...#.....#.###..#............#
####.....#.# ##.#............#
#.....#.# #.####.........#
######### #..###.........#
#########.##..........#
#..............########


You could see a gnoll.

Vanquished Creatures
  A dart slug (D:1)
  3 bats (D:1)
  A goblin (D:1)
  3 hobgoblins (D:1)
  A kobold (D:1)
9 creatures vanquished.

Notes
Turn   | Place    | Note
-------+----------+-------------------------------------------
     0 | D:1      | KarmaPolice the High Elf Skald began the quest for the Orb.
     0 | D:1      | Reached XP level 1. HP: 14/14 MP: 4/4
   386 | D:1      | Reached skill level 1 in Armour
   559 | D:1      | Reached XP level 2. HP: 6/19 MP: 6/6
   959 | D:1      | Slain by a gnoll

Vault maps used:
D:1:      sevenhm_arrival_forest_fort_small_3

Skill      XL: |  1 |
---------------+----+-----
Armour         | 1 |  1.1
Fighting       | |  2.2
Long Blades    | |  2.8
Dodging        | |  1.5
Spellcasting   | |  2.4
Charms         | |  3.6

Action                   || total
-------------------------++-------
Melee: Falchion          ||    40
 Cast: Infusion          ||     1
Armor: Leather armour    ||    34
Dodge: Dodged            ||    32
       Rpst.: Falchion   ||    10
